[Event "WYCC U18 Girls 2019"]
[Site "Mumbai"]
[Date "2019.10.09"]
[Round "8.4"]
[White "Serikbay, Assel"]
[Black "Obolentseva, Alexandra"]
[Result "0-1"]
[ECO "A62"]
[WhiteElo "2208"]
[BlackElo "2282"]
[Annotator "ChessBase"]
[PlyCount "112"]
[EventDate "2019.10.02"]
[EventType "swiss"]
[EventCountry "IND"]
[SourceTitle "playchess.com"]
[Source "ChessBase"]
[SourceQuality "1"]
[TimeControl "40/5400+30:1800+30"]

1. d4 Nf6 2. c4 e6 3. g3 c5 4. d5 exd5 5. cxd5 d6 6. Nc3 g6 7. Bg2 Bg7 8. Nf3 O-O 9. O-O Re8 10. Bf4 a6 11. a4 Nh5 12. Bg5 Qc7 13. Qd2 Nd7 14. Rfc1 Rb8 15. a5 b5 16. axb6 Rxb6 17. Rab1 Qb8 18. Qc2 Ne5 19. Nxe5 Rxe5 20. Bd2 Re7 21. Re1 Reb7 22. Bc1 Bd7 23. e4 Rb3 24. Ra1 Rxb2 25. Bxb2 Rxb2 26. Reb1 Bxc3 27. Rxb2 Qxb2 28. Qxb2 Bxb2 29. Rxa6 c4 30. Bf1 c3 31. Bd3 Bb5 32. Ra8+ Kg7 33. Bc2 Nf6 34. Rb8 Be2 35. f4 Bf3 36. e5 dxe5 37. d6 exf4 38. gxf4 Bg4 39. Rb7 Be6 40. Kf2 Ba3 41. Rc7 Bxd6 42. Rxc3 Bxf4 43. h3 Be5 44. Ra3 Nh5 45. Bd1 Nf4 46. h4 h5 47. Ra5 Bd4+ 48. Kg3 Nd3 49. Bc2 Ne5 50. Ra4 Bc5 51. Bd1 Bd6 52. Ra6 Nc4+ 53. Kf2 Bc5+ 54. Kg3 Ne3 55. Bf3 Nf5+ 56. Kh3 Bf2 0-1

[Event "WYCC U18 Girls 2019"]
[Site "Mumbai"]
[Date "2019.10.09"]
[Round "8.5"]
[White "Munkhzul, Turmunkh"]
[Black "Khachatryan, Anna"]
[Result "1-0"]
[ECO "B32"]
[WhiteElo "2332"]
[BlackElo "2044"]
[Annotator "ChessBase"]
[PlyCount "219"]
[EventDate "2019.10.02"]
[EventType "swiss"]
[EventCountry "IND"]
[SourceTitle "playchess.com"]
[Source "ChessBase"]
[SourceQuality "1"]
[TimeControl "40/5400+30:1800+30"]

1. e4 c5 2. Nf3 Nc6 3. d4 cxd4 4. Nxd4 e5 5. Nb5 d6 6. c4 Be7 7. N1c3 a6 8. Na3 f5 9. exf5 Bxf5 10. Bd3 Be6 11. O-O Nf6 12. Nc2 O-O 13. Ne3 Qd7 14. Ncd5 Bd8 15. b3 Rb8 16. Ba3 Nd4 17. Kh1 Nxd5 18. cxd5 Bf7 19. f4 exf4 20. Rxf4 Bg5 21. Rxd4 Bxe3 22. Bxh7+ Kxh7 23. Qd3+ Bg6 24. Qxe3 Rbe8 25. Qg3 Qf5 26. Rg1 Re4 27. Rxe4 Qxe4 28. Qh3+ Kg8 29. Qe6+ Qxe6 30. dxe6 Rf6 31. Re1 Be4 32. e7 Re6 33. Kg1 Rxe7 34. Bxd6 Re6 35. Bc5 Kf7 36. h3 Bc6 37. Rf1+ Kg6 38. Rf2 Re5 39. Bb6 Rf5 40. Rd2 Kf7 41. Kh2 Ke6 42. h4 Rf4 43. Kg3 Kf5 44. Bc7 Re4 45. Rf2+ Ke6 46. Bb6 g6 47. Bd8 Rd4 48. Bg5 Be4 49. Be3 Rd7 50. Kf4 Bb1 51. Rb2 Bd3 52. g4 Kf6 53. Rd2 Rd5 54. Bb6 Ke6 55. Rd1 Bb5 56. Bd4 Kf7 57. Rd2 Ke6 58. Ke3 Rd7 59. Rh2 Kd5 60. Bf6 Rf7 61. Bg5 Bd7 62. Rg2 Ke5 63. Bd8 Bc6 64. Rg3 Rd7 65. Ba5 Rh7 66. Bc3+ Ke6 67. Rh3 Rf7 68. Bb2 Bd5 69. Bc3 Bc6 70. Bd2 Rf1 71. Bc3 Rh1 72. Rg3 Rxh4 73. Kf4 Rh2 74. a3 Kf7 75. Kg5 Rh1 76. Bb4 Rd1 77. Re3 Rd7 78. Kh6 Bd5 79. Bc5 Bc6 80. b4 Bd5 81. a4 Bc6 82. a5 Kf6 83. Re1 Rd3 84. Be3 Kf7 85. Rf1+ Ke6 86. Bc5 Be4 87. Rf4 Ke5 88. Rf7 Rd1 89. Kg5 Re1 90. Re7+ Kd5 91. Rxb7 Bd3 92. Rd7+ Kc4 93. Kh6 Re6 94. g5 Kc3 95. Rb7 Re2 96. Kg7 Re5 97. Be7 Re6 98. Kf8 Kc4 99. Ke8 Be4 100. Rc7+ Kb5 101. Rc5+ Ka4 102. Kd7 Rxe7+ 103. Kxe7 Kxb4 104. Re5 Bd3 105. Kf6 Ka4 106. Rd5 Bc2 107. Ke7 Kb4 108. Kd6 Bb3 109. Re5 Bc2 110. Kc6 1-0

[Event "WYCC U18 Girls 2019"]
[Site "Mumbai"]
[Date "2019.10.09"]
[Round "8.6"]
[White "Urh, Zala"]
[Black "Muetsch, Annmarie"]
[Result "1-0"]
[ECO "E73"]
[WhiteElo "2105"]
[BlackElo "2266"]
[Annotator "ChessBase"]
[PlyCount "105"]
[EventDate "2019.10.02"]
[EventType "swiss"]
[EventCountry "IND"]
[SourceTitle "playchess.com"]
[Source "ChessBase"]
[SourceQuality "1"]
[TimeControl "40/5400+30:1800+30"]

1. d4 Nf6 2. c4 g6 3. Nc3 Bg7 4. e4 d6 5. Be2 O-O 6. Be3 e5 7. d5 Na6 8. g4 Nc5 9. f3 h5 10. g5 Nh7 11. h4 f6 12. gxf6 Bxf6 13. Bf2 Be7 14. Kd2 c6 15. Kc2 cxd5 16. Qxd5+ Be6 17. Qd2 Kg7 18. Nh3 Rc8 19. Rag1 Bxh3 20. Rxh3 Rf4 21. Bg3 Bxh4 22. Bxf4 exf4 23. Qxf4 Bg5 24. Qh2 Ne6 25. Nd5 Qf8 26. Rhg3 Kh8 27. Qg2 Rc5 28. b4 Rxd5 29. cxd5 Qc8+ 30. Kb1 Nd4 31. Bd3 Qc3 32. f4 Bf6 33. e5 dxe5 34. Qb2 Qxb2+ 35. Kxb2 exf4 36. Rxg6 Nf3+ 37. Rxf6 Nxf6 38. Rg6 Nd7 39. Rh6+ Kg8 40. Rxh5 Nfe5 41. Be4 Nc4+ 42. Kc3 Nd6 43. Bf3 Kg7 44. Rh4 Nb5+ 45. Kd2 Kf6 46. Rxf4+ Kg5 47. Rg4+ Kf5 48. Rg7 Ne5 49. Be2 Nd6 50. Bd3+ Kf4 51. a4 a6 52. Kc3 Nf3 53. Re7 1-0

[Event "WYCC U18 Girls 2019"]
[Site "Mumbai"]
[Date "2019.10.09"]
[Round "8.7"]
[White "Toshali, V."]
[Black "Harshini A"]
[Result "1/2-1/2"]
[ECO "D02"]
[WhiteElo "1868"]
[BlackElo "2230"]
[Annotator "ChessBase"]
[PlyCount "96"]
[EventDate "2019.10.02"]
[EventType "swiss"]
[EventCountry "IND"]
[SourceTitle "playchess.com"]
[Source "ChessBase"]
[SourceQuality "1"]
[TimeControl "40/5400+30:1800+30"]

1. d4 Nf6 2. Nf3 d5 3. Bf4 c5 4. e3 Nc6 5. Nbd2 Bf5 6. dxc5 e6 7. Nb3 Be7 8. Nfd4 O-O 9. Nxc6 bxc6 10. Ba6 Qd7 11. O-O Ne4 12. Qd4 f6 13. Qb4 e5 14. f3 Rab8 15. Qa5 Nxc5 16. Nxc5 Bxc5 17. Qxc5 exf4 18. e4 Be6 19. b4 Rfd8 20. Rad1 Rb6 21. Bc4 Qf7 22. a3 Rc8 23. Bd3 f5 24. exd5 cxd5 25. Qd4 Qc7 26. Rfe1 g6 27. Re5 Qc3 28. Qxf4 Qxa3 29. Rde1 Bf7 30. b5 Qc5+ 31. Kh1 Qd6 32. Qg3 Kf8 33. Qh4 Kg8 34. Qg3 Kf8 35. Qh4 Kg8 36. h3 Rc7 37. Qh6 Qd8 38. Qf4 Rb8 39. Qg3 Kf8 40. Qf4 Kg8 41. h4 h5 42. g3 Rbb7 43. Qe3 Qf6 44. Kg2 Kg7 45. Re2 Rd7 46. c3 Rdc7 47. Qd4 Rd7 48. f4 Rdc7 1/2-1/2

[Event "WYCC U18 Girls 2019"]
[Site "Mumbai"]
[Date "2019.10.09"]
[Round "8.8"]
[White "Makhija, Aashna"]
[Black "Cervantes Landeiro, Thalia"]
[Result "1-0"]
[ECO "B90"]
[WhiteElo "2084"]
[BlackElo "2176"]
[Annotator "ChessBase"]
[PlyCount "77"]
[EventDate "2019.10.02"]
[EventType "swiss"]
[EventCountry "IND"]
[SourceTitle "playchess.com"]
[Source "ChessBase"]
[SourceQuality "1"]
[TimeControl "40/5400+30:1800+30"]

1. e4 c5 2. Nf3 d6 3. d4 cxd4 4. Nxd4 Nf6 5. Nc3 a6 6. f3 e5 7. Nb3 Be6 8. Be3 h5 9. Qd2 Nbd7 10. O-O-O Be7 11. Kb1 b5 12. h3 h4 13. f4 b4 14. Nd5 Nxe4 15. Qxb4 Bxd5 16. Rxd5 Ng3 17. Rg1 O-O 18. fxe5 Nxe5 19. Bd3 Nxd3 20. Rxd3 a5 21. Qa4 Bf6 22. Rgd1 Nf5 23. Bf4 Qe8 24. Qxe8 Rfxe8 25. Rd5 a4 26. Rxf5 axb3 27. axb3 Re2 28. Bxd6 Rxg2 29. b4 Rc8 30. Rc5 Rd8 31. b5 Rg5 32. Rxg5 Bxg5 33. c4 Be3 34. b4 Rd7 35. c5 f5 36. b6 f4 37. c6 Rd8 38. c7 Re8 39. b7 1-0

[Event "WYCC U18 Girls 2019"]
[Site "Mumbai"]
[Date "2019.10.09"]
[Round "8.9"]
[White "Hamedi Nia, Vesal"]
[Black "Kucharska, Honorata"]
[Result "1/2-1/2"]
[ECO "A54"]
[WhiteElo "2057"]
[BlackElo "2114"]
[Annotator "ChessBase"]
[PlyCount "102"]
[EventDate "2019.10.02"]
[EventType "swiss"]
[EventCountry "IND"]
[SourceTitle "playchess.com"]
[Source "ChessBase"]
[SourceQuality "1"]
[TimeControl "40/5400+30:1800+30"]

1. d4 Nf6 2. c4 d6 3. Nc3 e5 4. Nf3 e4 5. Nd2 Qe7 6. e3 g6 7. Be2 Bg7 8. O-O O-O 9. b4 h5 10. a4 Bf5 11. b5 Nbd7 12. Ba3 Rfe8 13. Nb3 Nf8 14. c5 N8h7 15. Na5 b6 16. cxd6 cxd6 17. Nc4 Red8 18. a5 bxa5 19. Nxa5 Qd7 20. Bb4 Ng5 21. Nc6 Re8 22. Ra6 Bh3 23. gxh3 Qxh3 24. f3 exf3 25. Bxf3 Ng4 26. Bxg4 hxg4 27. Bxd6 Qxe3+ 28. Kh1 Qxc3 29. Qxg4 Qd3 30. Qg2 Ne4 31. Ra3 Qxb5 32. Ne7+ Rxe7 33. Bxe7 Rc8 34. Raf3 Qd5 35. Rxf7 Rc6 36. R7f4 Re6 37. Bc5 a5 38. Qf3 Re8 39. Rg4 Qe6 40. Rfg1 g5 41. Rxe4 Qxe4 42. Qxe4 Rxe4 43. Rxg5 Kf7 44. Rd5 a4 45. Rd7+ Kg6 46. Kg2 Re2+ 47. Kf3 Rxh2 48. Ra7 a3 49. Kg3 Rd2 50. Ra6+ Kf5 51. Rxa3 Bxd4 1/2-1/2

[Event "WYCC U18 Girls 2019"]
[Site "Mumbai"]
[Date "2019.10.09"]
[Round "8.10"]
[White "Radeva, Viktoria"]
[Black "Laurincova, Kristyna"]
[Result "1/2-1/2"]
[ECO "B39"]
[WhiteElo "2277"]
[BlackElo "2006"]
[Annotator "ChessBase"]
[PlyCount "135"]
[EventDate "2019.10.02"]
[EventType "swiss"]
[EventCountry "IND"]
[SourceTitle "playchess.com"]
[Source "ChessBase"]
[SourceQuality "1"]
[TimeControl "40/5400+30:1800+30"]

1. e4 c5 2. Nf3 g6 3. c4 Bg7 4. d4 cxd4 5. Nxd4 Nc6 6. Be3 Nf6 7. Nc3 Ng4 8. Qxg4 Nxd4 9. Qd1 e5 10. Bd3 O-O 11. O-O b6 12. Qd2 Bb7 13. Rad1 Ne6 14. Bc2 Bc6 15. b4 Rc8 16. Bb3 Nd4 17. f3 f5 18. exf5 Nxf5 19. Bg5 Bf6 20. Bxf6 Qxf6 21. b5 Ba8 22. Ne4 Qh4 23. g3 Qd8 24. c5+ Kh8 25. Qxd7 Nd4 26. Qxd8 Rcxd8 27. Ng5 bxc5 28. f4 Kg7 29. Rxd4 exd4 30. Ne6+ Kf6 31. Rc1 d3 32. Kf2 Bd5 33. Nxf8 h6 34. Ke3 c4 35. Nh7+ Kg7 36. Bxc4 d2 37. Kxd2 Bxc4+ 38. Ke3 Bxb5 39. Rc7+ Rd7 40. Rc5 a6 41. Ng5 hxg5 42. Rxg5 Kf6 43. h4 Rd3+ 44. Ke4 Ra3 45. g4 Bd7 46. h5 gxh5 47. gxh5 Ra4+ 48. Ke3 Rxa2 49. Rg6+ Kf7 50. Rb6 Bf5 51. Kd4 Kg7 52. Rd6 a5 53. Ke5 Bh3 54. Rg6+ Kh7 55. Rg3 Bc8 56. Kf6 Rf2 57. Rg7+ Kh8 58. Rc7 Rxf4+ 59. Kg5 Rf8 60. Ra7 Rf1 61. Rxa5 Rf5+ 62. Rxf5 Bxf5 63. Kxf5 Kh7 64. Kg5 Kg7 65. h6+ Kh7 66. Kh5 Kg8 67. Kg6 Kh8 68. h7 1/2-1/2

[Event "WYCC U18 Girls 2019"]
[Site "Mumbai"]
[Date "2019.10.09"]
[Round "8.11"]
[White "Tarini Goyal"]
[Black "Sanskriti Goyal"]
[Result "1/2-1/2"]
[ECO "A65"]
[WhiteElo "2128"]
[BlackElo "1980"]
[Annotator "ChessBase"]
[PlyCount "145"]
[EventDate "2019.10.02"]
[EventType "swiss"]
[EventCountry "IND"]
[SourceTitle "playchess.com"]
[Source "ChessBase"]
[SourceQuality "1"]
[TimeControl "40/5400+30:1800+30"]

1. d4 Nf6 2. c4 c5 3. d5 e6 4. Nc3 exd5 5. cxd5 d6 6. e4 g6 7. h3 Bg7 8. Bd3 O-O 9. Nf3 b5 10. Bxb5 Nxe4 11. Nxe4 Qa5+ 12. Nfd2 Qxb5 13. Nxd6 Qa6 14. N2c4 Nd7 15. O-O Nb6 16. Nxb6 Qxb6 17. Nxc8 Raxc8 18. Rb1 Rfd8 19. Bg5 Rd7 20. Qg4 Qb7 21. Rfd1 h5 22. Qc4 Bd4 23. Be3 Rxd5 24. b4 cxb4 25. Rxb4 Rxc4 26. Rxb7 Rd6 27. Rxd4 Rdxd4 28. Bxd4 Rxd4 29. Rxa7 Rd2 30. h4 Kg7 31. g3 Kf6 32. a4 Ra2 33. a5 Ke6 34. Kg2 Ra3 35. a6 Kf6 36. Ra8 Ke6 37. Kf1 Ra2 38. Ke1 Kf6 39. Ra7 Ke6 40. Kf1 Kf6 41. Kg2 Ra3 42. Ra8 Ke6 43. Kh3 Kf6 44. a7 Ra2 45. f3 Ra3 46. Kg2 Ra2+ 47. Kf1 Kg7 48. Ke1 Ra1+ 49. Kd2 Ra2+ 50. Kc3 Ra3+ 51. Kb4 Ra1 52. g4 hxg4 53. fxg4 Rb1+ 54. Kc5 Rc1+ 55. Kd5 Rd1+ 56. Ke5 Re1+ 57. Kf4 Rf1+ 58. Kg3 Rg1+ 59. Kf2 Ra1 60. h5 gxh5 61. gxh5 Ra2+ 62. Ke3 Ra3+ 63. Kf4 Ra4+ 64. Ke5 Ra5+ 65. Kd4 f5 66. Ke3 Ra4 67. Kf3 f4 68. Kg4 Kh7 69. h6 f3+ 70. Kxf3 Ra3+ 71. Ke4 Ra4+ 72. Ke5 Ra1 73. Ke4 1/2-1/2

[Event "WYCC U18 Girls 2019"]
[Site "Mumbai"]
[Date "2019.10.09"]
[Round "8.12"]
[White "Aciu, Malina-Andreea"]
[Black "Pandey Srishti"]
[Result "1/2-1/2"]
[ECO "C45"]
[WhiteElo "2076"]
[BlackElo "1963"]
[Annotator "NA"]
[PlyCount "55"]
[EventDate "2019.10.02"]
[EventType "swiss"]
[EventCountry "IND"]
[SourceTitle "playchess.com"]
[Source "ChessBase"]
[SourceQuality "1"]
[TimeControl "40/5400+30:1800+30"]

1. e4 e5 2. Nf3 Nc6 3. d4 exd4 4. Nxd4 Nf6 5. Nxc6 bxc6 6. e5 Qe7 7. Qe2 Nd5 8. h4 h6 9. c4 Ba6 10. Rh3 Rb8 11. Ra3 Bxc4 12. Qxc4 Qxe5+ 13. Qe2 Qxe2+ 14. Bxe2 Bxa3 15. Nxa3 Kd8 16. b3 Re8 17. Kf1 f6 18. h5 a5 19. Bd2 Ra8 20. Nc4 a4 21. b4 a3 22. Rb1 Re4 23. g3 Ra4 24. Bd1 Ra7 25. Be2 Ra4 26. Bd1 Ra7 27. Be2 Ra4 28. Bd1 1/2-1/2

[Event "WYCC U18 Girls 2019"]
[Site "Mumbai"]
[Date "2019.10.09"]
[Round "8.13"]
[White "Andolfatto, Maria"]
[Black "Nestorovic, Katarina"]
[Result "1-0"]
[ECO "A15"]
[WhiteElo "2037"]
[BlackElo "2073"]
[Annotator "NA"]
[PlyCount "77"]
[EventDate "2019.10.02"]
[EventType "swiss"]
[EventCountry "IND"]
[SourceTitle "playchess.com"]
[Source "ChessBase"]
[SourceQuality "1"]
[TimeControl "40/5400+30:1800+30"]

1. c4 Nf6 2. g3 e5 3. Bg2 d5 4. cxd5 Nxd5 5. Nf3 Nc6 6. O-O Nb6 7. Nc3 Be7 8. a3 O-O 9. b4 a6 10. Rb1 Re8 11. d3 Bf8 12. Bg5 f6 13. Be3 Nd4 14. Bxd4 exd4 15. Ne4 a5 16. Qc2 axb4 17. axb4 Be6 18. Rfc1 c6 19. Nc5 Bc8 20. Qb2 Bxc5 21. bxc5 Na4 22. Qxd4 Qxd4 23. Nxd4 Re5 24. Nxc6 bxc6 25. Bxc6 Ra6 26. Bb5 Ra5 27. d4 Re7 28. Rb4 Rea7 29. Rcc4 Ba6 30. Bxa6 R5xa6 31. c6 Rc7 32. Rxa4 Raxc6 33. Rxc6 Rxc6 34. Ra7 f5 35. Kg2 Rc2 36. Kf3 Rd2 37. Ke3 Rd1 38. h4 g6 39. Ra2 1-0

[Event "WYCC U18 Girls 2019"]
[Site "Mumbai"]
[Date "2019.10.09"]
[Round "8.14"]
[White "Nomindalai Tumurbaatar"]
[Black "Sankova, Stella"]
[Result "*"]
[ECO "A45"]
[WhiteElo "2061"]
[BlackElo "1926"]
[Annotator "NA"]
[PlyCount "35"]
[EventDate "2019.10.02"]
[EventType "swiss"]
[EventCountry "IND"]
[SourceTitle "playchess.com"]
[Source "ChessBase"]
[SourceQuality "1"]
[TimeControl "40/5400+30:1800+30"]

1. d4 Nf6 2. Bf4 d5 3. e3 c5 4. c3 Nc6 5. Nd2 cxd4 6. exd4 Bf5 7. Ngf3 e6 8. Qb3 Qc8 9. Nh4 Be4 10. Nxe4 dxe4 11. g3 Be7 12. Ng2 O-O 13. Be2 Nd5 14. Bd2 Qd7 15. O-O e5 16. dxe5 Nxe5 17. Rad1 Rfd8 18. Be3 *

[Event "WYCC U18 Girls 2019"]
[Site "Mumbai"]
[Date "2019.10.09"]
[Round "8.14"]
[White "Nomindalai Tumurbaatar"]
[Black "Sankova, Stella"]
[Result "1-0"]
[ECO "A45"]
[WhiteElo "2061"]
[BlackElo "1926"]
[Annotator "NA RC"]
[PlyCount "55"]
[EventDate "2019.10.02"]
[EventType "swiss"]
[EventCountry "IND"]
[SourceTitle "playchess.com"]
[Source "ChessBase"]
[SourceQuality "1"]
[TimeControl "40/5400+30:1800+30"]

1. d4 Nf6 2. Bf4 d5 3. e3 c5 4. c3 Nc6 5. Nd2 cxd4 6. exd4 Bf5 7. Ngf3 e6 8. Qb3 Qc8 9. Nh4 Be4 10. Nxe4 dxe4 11. g3 Be7 12. Ng2 O-O 13. Be2 Nd5 14. Bd2 Qd7 15. O-O e5 16. dxe5 Nxe5 17. Rad1 Rfd8 18. Bf4 Qf5 19. Bxe5 Qxe5 20. Bc4 Nf6 21. Bxf7+ Kh8 22. Qe6 Qc7 23. Nf4 Rd6 24. Rxd6 Bxd6 25. Ng6+ hxg6 26. Qh3+ Nh5 27. Bxg6 Kg8 28. Qxh5 1-0

[Event "WYCC U18 Girls 2019"]
[Site "Mumbai"]
[Date "2019.10.10"]
[Round "9.1"]
[White "Shuvalova, Polina"]
[Black "Obolentseva, Alexandra"]
[Result "1/2-1/2"]
[ECO "A65"]
[WhiteElo "2412"]
[BlackElo "2282"]
[Annotator "NA"]
[PlyCount "100"]
[EventDate "2019.10.02"]
[EventType "swiss"]
[EventCountry "IND"]
[SourceTitle "playchess.com"]
[Source "ChessBase"]
[SourceQuality "1"]
[TimeControl "40/5400+30:1800+30"]

1. d4 Nf6 2. c4 e6 3. Nc3 c5 4. d5 exd5 5. cxd5 d6 6. e4 g6 7. Nge2 Bg7 8. Ng3 O-O 9. Be2 a6 10. a4 h5 {[%emt 0:00:07] A65: Modern Benoni: 6 e4} (10... Nbd7 11. O-O Re8 12. Bg5 h6 13. Be3 h5 14. Bg5 Qa5 15. f4 Qb4 16. Qc2 Nh7 17. Bh4 c4 18. Bxh5 gxh5 19. Nxh5 {½-½ (54) Mchedlishvili,M (2571)-Can,E (2595) Konya 2019}) 11. Bg5 Qc7 12. Qd2 Nbd7 13. O-O Re8 14. f4 Nh7 15. Bh4 Rb8 16. Kh1 c4 17. e5 dxe5 18. f5 b5 $146 ({Predecessor:} 18... Ndf6 19. d6 {1-0 (31) Reuker,J (2338)-Woelk,T (2176) Willingen 2018}) 19. axb5 axb5 20. d6 Qc5 21. Nge4 Qd4 22. fxg6 fxg6 23. Qc2 Bb7 24. Rad1 Qe3 25. Bf2 Bxe4 26. Nxe4 Qh6 27. Nc3 Kh8 28. Nd5 Nhf6 29. Be3 Qh7 30. Nxf6 Bxf6 31. Bf3 e4 32. Bxe4 Qg7 33. Bc1 (33. Ba7 $142) 33... Ne5 34. h3 Rbd8 35. Qf2 Re6 36. Bf4 Rexd6 37. Rxd6 Rxd6 38. Qc5 Rd8 ({Better is} 38... Qe7 $1 $11) 39. Qxb5 ({White should try} 39. Bh2 $16) 39... Nd3 40. Bg5 Bxg5 41. Qxg5 $16 {[%emt 0:30:12] Double Attack} Rf8 42. Rxf8+ Qxf8 43. Bxg6 Qf1+ 44. Kh2 Qf4+ 45. Qxf4 Nxf4 46. Bb1 Ne2 47. g3 c3 48. bxc3 Nxc3 49. Bg6 Ne2 50. Bxh5 Nxg3 1/2-1/2

[Event "WYCC U18 Girls 2019"]
[Site "Mumbai"]
[Date "2019.10.10"]
[Round "9.2"]
[White "Schulze, Lara"]
[Black "Vantika Agrawal"]
[Result "1/2-1/2"]
[ECO "B33"]
[WhiteElo "2327"]
[BlackElo "2283"]
[Annotator "NA"]
[PlyCount "89"]
[EventDate "2019.10.02"]
[EventType "swiss"]
[EventCountry "IND"]
[SourceTitle "playchess.com"]
[Source "ChessBase"]
[SourceQuality "1"]
[TimeControl "40/5400+30:1800+30"]

1. e4 c5 2. Nf3 Nc6 3. d4 cxd4 4. Nxd4 Nf6 5. Nc3 e5 6. Ndb5 d6 7. Bg5 a6 8. Na3 b5 9. Nd5 Be7 10. Bxf6 Bxf6 11. c3 Bg5 12. Nc2 O-O 13. a4 bxa4 14. Rxa4 a5 15. Bc4 Bd7 {[%emt 0:00:25] B33: Sicilian: Pelikan and Sveshnikov Variations} (15... Rb8 16. b3 Kh8 17. Nce3 g6 18. h4 Bxh4 19. g3 Bg5 20. f4 exf4 21. gxf4 Bh4+ 22. Kf1 Be6 23. Ra2 f5 24. Rah2 g5 {½-½ (37) Yu,Y (2760)-Lenic,L (2662) chess.com INT 2018}) 16. Nce3 Kh8 17. Ra2 Rb8 18. b3 Bh6 19. h4 Ne7 $146 ({Predecessor:} 19... g6 20. h5 Kg7 21. g3 Be6 22. f4 exf4 23. gxf4 Ne7 24. Rg2 Nxd5 25. Nxd5 Bxd5 26. Qxd5 Bxf4 {1-0 (36) Nepomniachtchi,I (2520)-Kukula,P (2164) playchess.com INT 2006}) 20. Nxe7 Qxe7 21. Nd5 $14 ({Reject} 21. Rxa5 Bxe3 22. fxe3 Be6 $11) 21... Qd8 22. g3 f5 23. exf5 Bxf5 24. O-O Bh3 25. Re1 Rb7 26. Ne3 Bxe3 27. Rxe3 Ra7 28. Kh2 Bc8 29. Rd2 Qc7 30. Rf3 Rxf3 31. Qxf3 Qd8 32. Qc6 Rd7 33. Be6 Rc7 34. Rxd6 Qf8 35. Qxc7 Qxf2+ 36. Kh3 Bxe6+ 37. Rxe6 Qf5+ 38. Kg2 Qc2+ 39. Kf3 Qd3+ 40. Kf2 Qd2+ 41. Kf3 Qd3+ 42. Kg4 Qe4+ 43. Kg5 h6+ 44. Rxh6+ gxh6+ 45. Kxh6 1/2-1/2

[Event "WYCC U18 Girls 2019"]
[Site "Mumbai"]
[Date "2019.10.10"]
[Round "9.3"]
[White "Munkhzul, Turmunkh"]
[Black "Yan, Tianqi"]
[Result "1/2-1/2"]
[ECO "B48"]
[WhiteElo "2332"]
[BlackElo "2236"]
[Annotator "NA"]
[PlyCount "121"]
[EventDate "2019.10.02"]
[EventType "swiss"]
[EventCountry "IND"]
[SourceTitle "playchess.com"]
[Source "ChessBase"]
[SourceQuality "1"]
[TimeControl "40/5400+30:1800+30"]

1. e4 c5 2. Nf3 e6 3. d4 cxd4 4. Nxd4 Nc6 5. Nc3 Qc7 6. Be3 a6 7. Qd2 Nf6 8. O-O-O Bb4 9. f3 d5 {[%emt 0:13:56] B48: Sicilian: Taimanov: 5 Nc3 Qc7 6 Be3 a6 without Be2} (9... O-O 10. g4 b5 11. g5 Nh5 12. Kb1 Rb8 13. Nxc6 dxc6 14. f4 c5 15. Be2 g6 16. Bxh5 gxh5 17. f5 {1-0 (27) Saric,I (2657)-Bosiocic,M (2611) Batumi 2018}) 10. a3 Bxc3 11. Qxc3 dxe4 12. Nxc6 Qxc6 13. Qxc6+ bxc6 14. Be2 Nd5 $146 ({Predecessor:} 14... e5 15. Bg5 Be6 16. Rd6 {0-1 (51) Sedy,P (1895)-Talla,V (2360) Plzen 2001}) 15. Bc5 Nf4 16. Bc4 exf3 17. gxf3 Bb7 18. Rd4 Nd5 19. Bb3 O-O-O 20. Rg1 Rhg8 21. Rh4 h6 22. c4 g5 23. cxd5 gxh4 24. Rxg8 Rxg8 25. dxe6 f5 26. e7 Rh8 27. Be6+ Kc7 28. Bd4 Re8 29. Be5+ Kb6 30. Bd6 c5 31. Bf7 Bc6 32. f4 Bd7 33. Bd5 $11 Rc8 34. Be5 Re8 35. Bf6 h3 36. Kd2 Kc7 37. Be5+ Kb6 38. Bd6 Rc8 39. Ke3 Rc6 40. Bxc6 Kxc6 41. Bb8 Kd5 42. Ba7 Kd6 43. b3 Kxe7 44. Bxc5+ Kd8 45. Bd6 Be6 46. b4 Kd7 47. Bf8 Kc6 48. Kd4 Bd5 49. Bxh6 Bf3 50. Ke5 Be4 51. a4 Bd3 52. Bf8 Be4 53. Kd4 Bc2 54. Ke5 Be4 55. Bc5 a5 56. Kd4 axb4 57. Bxb4 Kb6 58. Ke5 Ka6 59. Kf6 Bd3 60. Kg5 Be4 61. Kh4 1/2-1/2

[Event "WYCC U18 Girls 2019"]
[Site "Mumbai"]
[Date "2019.10.10"]
[Round "9.4"]
[White "Afonasieva, Anna"]
[Black "Urh, Zala"]
[Result "0-1"]
[ECO "A45"]
[WhiteElo "2312"]
[BlackElo "2105"]
[Annotator "NA"]
[PlyCount "140"]
[EventDate "2019.10.02"]
[EventType "swiss"]
[EventCountry "IND"]
[SourceTitle "playchess.com"]
[Source "ChessBase"]
[SourceQuality "1"]
[TimeControl "40/5400+30:1800+30"]

1. d4 Nf6 2. Bf4 d5 3. e3 e6 4. Nd2 c5 5. c3 Nc6 6. Bd3 Bd6 7. Bxd6 Qxd6 8. f4 O-O 9. Ngf3 a6 10. O-O b5 11. Qe1 Bb7 12. Qh4 Ne7 13. g4 Rac8 14. Ne5 Ne4 15. Rf3 h6 16. dxc5 Rxc5 17. Nb3 Rc7 18. Rd1 Qb6 19. Bxe4 dxe4 20. Rh3 Bd5 21. g5 Nf5 22. Qf2 h5 23. Nd4 Nxd4 24. Rxd4 g6 25. Qh4 Kg7 26. f5 exf5 27. Qf4 Be6 28. Nxg6 fxg6 29. Qe5+ Kh7 30. Rd6 Rc6 31. Rxh5+ gxh5 32. g6+ Kh6 33. g7 Qxe3+ 34. Kf1 Qf3+ 35. Ke1 Qh1+ 36. Kf2 Qf3+ 37. Ke1 Qe3+ 38. Kf1 Qh3+ 39. Ke1 Qh4+ 40. Kf1 Rf6 41. Rxc6 Qh3+ 42. Ke1 Qe3+ 43. Kd1 Qg1+ 44. Kc2 Bb3+ 45. axb3 Rxc6 46. Qe8 Rxc3+ 47. bxc3 Qxh2+ 48. Kc1 Qg1+ 49. Kb2 Qxg7 50. Qe6+ Qg6 51. Qe5 h4 52. Qh8+ Kg5 53. Qd8+ Kh5 54. c4 bxc4 55. bxc4 h3 56. Qh8+ Qh6 57. Qe5 Kg4 58. Qh2 f4 59. Qg1+ Kh5 60. Qd1+ f3 61. Qd5+ Qg5 62. Qxe4 Qf6+ 63. Kb3 f2 64. Qh7+ Kg4 65. Qg8+ Kf3 66. Qa8+ Ke3 67. Qe8+ Kd2 68. Qd7+ Kc1 69. Qd3 Qb2+ 70. Ka4 Qc2+ 0-1

[Event "WYCC U18 Girls 2019"]
[Site "Mumbai"]
[Date "2019.10.10"]
[Round "9.5"]
[White "Sliwicka, Alicja"]
[Black "Makhija, Aashna"]
[Result "1/2-1/2"]
[ECO "C11"]
[WhiteElo "2307"]
[BlackElo "2084"]
[Annotator "NA"]
[PlyCount "73"]
[EventDate "2019.10.02"]
[EventType "swiss"]
[EventCountry "IND"]
[SourceTitle "playchess.com"]
[Source "ChessBase"]
[SourceQuality "1"]
[TimeControl "40/5400+30:1800+30"]

1. e4 e6 2. d4 d5 3. Nc3 Nf6 4. e5 Nfd7 5. f4 c5 6. Nf3 Nc6 7. Be3 a6 8. Qd2 b5 9. dxc5 Bxc5 10. Bd3 Qb6 11. Bf2 h6 12. O-O Bb7 13. a3 b4 14. Na4 Bxf2+ 15. Qxf2 Qxf2+ 16. Kxf2 Ke7 17. axb4 Nxb4 18. Ke3 Rhc8 19. Nd4 Rc7 20. Kd2 g6 21. Ra3 Bc6 22. Be2 Bxa4 23. Rxa4 Rb8 24. c3 Nc6 25. Nxc6+ Rxc6 26. b4 d4 27. cxd4 Nb6 28. b5 axb5 29. Rb4 Nd5 30. Rxb5 Rxb5 31. Bxb5 Rb6 32. Be2 Rb2+ 33. Kd3 Nb4+ 34. Ke3 Nd5+ 35. Kd3 Nb4+ 36. Ke3 Nd5+ 37. Ke4 1/2-1/2